 Dungeon Crawl Stone Soup version 0.30.1-11-g7821555f0a (webtiles) character file.

Game seed: 7983849389569635073

518 Chiseanne the Trooper (level 7, 49/55 HPs)
             Began as a Demonspawn Wanderer on Nov 24, 2023.
             Quit the game on level 3 of the Dungeon.
             The game lasted 00:04:54 (2283 turns).

Chiseanne the Trooper (Demonspawn Wanderer)         Turns: 2283, Time: 00:04:54

Health: 49/55      AC:  9    Str: 11    XL:     7   Next: 1%
Magic:  8/8        EV: 16    Int: 15    God:
Gold:   190        SH:  0    Dex: 14    Spells: 7/8 levels left

rFire   . . .        a - +2 hand axe
rCold   . . .        (no shield)
rNeg    . . .        b - +1 ring mail
rPois   .            (no helmet)
rElec   .            (no cloak)
rCorr   .            u - +1 pair of gloves
SInv    .            (no boots)
Will    .....        (no amulet)
Stlth   +            k - +5 ring of evasion
HPRegen 0.29/turn    (no ring)
MPRegen 0.11/turn

%: no passive effects
@: no status effects
A: demonic guardian 1, demonic magic 1, weakness stinger 1
a: no special abilities


You were on level 3 of the Dungeon.
You visited 1 branch of the dungeon, and saw 3 of its levels.

You collected 190 gold pieces.

Inventory:

Hand Weapons
 a - a +2 hand axe (weapon)
Missiles
 e - 35 stones
 j - 6 atropa-tipped darts
 m - 2 poisoned darts
 p - a throwing net
Armour
 b - a +1 ring mail (worn)
 u - a +1 pair of gloves (worn)
Jewellery
 k - a +5 ring of evasion (left hand)
 n - an amulet of faith
 s - a ring of wizardry
 t - a +6 ring of intelligence
Scrolls
 c - a scroll of fog
 l - a scroll of teleportation
 v - a scroll of immolation {unknown}
Potions
 d - a potion of flight
 f - a potion of might {unknown}
 g - 2 potions of ambrosia
 h - a potion of cancellation {unknown}
 i - a potion of magic {unknown}
 o - a potion of curing {unknown}
 q - a potion of heal wounds
 r - a potion of attraction {unknown}


   Skills:
 * Level 4.6 Fighting
 - Level 2.6 Axes
 * Level 4.2 Armour
 * Level 3.8 Dodging
 - Level 1.0 Spellcasting
 - Level 1.0 Summonings


You had 7 spell levels left.
You knew the following spells:

 Your Spells              Type           Power      Damage    Failure   Level
a - Summon Small Mammal   Summ           12%        N/A       34%         1

Your spell library contained the following spells:

 Spells                   Type           Power      Damage    Failure   Level
 Blink                    Tloc           0%         N/A       63%         2
 Ensorcelled Hibernation  Hex/Ice        0%         N/A       63%         2
 Lesser Beckoning         Tloc           0%         N/A       63%         2
 Momentum Strike          Conj/Tloc      0%         3d8       63%         2
 Passwall                 Tmut/Erth      0%         N/A       63%         2
 Call Canine Familiar     Summ           3%         N/A       71%         3
 Swiftness                Air            0%         N/A       85%         3


Dungeon Overview and Level Annotations

Branches:
Dungeon (3/15)

Altars:

Portals:
Abyss: D:3

Annotations:
D:3 1 transporter, jotaen's ghost, amateur TrBe


Innate Abilities, Weirdness & Mutations

A weak demonic guardian rushes to your aid.
Spells you cast may paralyse adjacent enemies.
You have a small tail.


Message History

Sigmund barely misses you.
You barely miss Sigmund.
Sigmund is almost dead.
You barely miss Sigmund.
Sigmund is almost dead.
Sigmund casts a spell.
Sigmund flickers and vanishes!
Deactivating autopickup; reactivate with Ctrl-A.
You slash something!
Reactivating autopickup.
You feel a bit more experienced.
Your Armour skill increases to level 4!
You now have 190 gold pieces (gained 28).
Things that are here:
a +0 scythe; a +0 dagger; a +1 robe of positive energy You see here the felid corpse of Natasha.
You see here the felid corpse of Natasha.
Things that are here:
a +0 scythe; a +0 dagger; a +1 robe of positive energy
There is an open door here.
Natasha, Servant of Life and Death comes into view.
Natasha hisses angrily.
Natasha claws you!
You miss Natasha. Natasha misses you. x2
You slash Natasha!
Natasha is heavily wounded.
Natasha barely misses you.
You barely miss Natasha.
Natasha is heavily wounded.
Natasha misses you.
You completely miss Natasha.
Natasha is heavily wounded.
Natasha barely misses you.
You slash Natasha!
You kill Natasha!
Natasha growls in agony!
You have reached level 7!
Your demonic ancestry asserts itself...
You grow a small tail.
Are you sure you want to abandon this character and quit the game? (Confirm with "yes".)

#####......####......#.#####
#......# #......#.##
#......# #......#..#
#......####......##.#
#.........# #.#
#####.........# #.#
....'.........# #.#
##.##.........# #.#### #
#..#####@..### #....# #..
####.†.#<##########.. #..
#.....)#.....[....... #..
+......'............. ##
#......#.............
#......#.............
#......#.............
#......#.............
.....#################


There were no monsters in sight!

Vanquished Creatures
  Grinder (D:3)
  Sigmund (D:3)
  Jessica (D:2)
  Natasha (twice) (D:3)
  2 adders
  A worm (D:3)
  3 dart slugs
  An orc (D:3)
  6 ball pythons
  8 endoplasms
  3 giant cockroaches (D:1)
  5 goblins
  7 hobgoblins
  4 jackals (D:2)
  2 kobolds (D:1)
  2 quokkas
  3 bats
  3 frilled lizards
  A rat (D:1)
56 creatures vanquished.

Vanquished Creatures (collateral kills)
  A ball python (D:1)
  A kobold (D:1)
2 creatures vanquished.

Grand Total: 58 creatures vanquished

Notes
Turn   | Place    | Note
-------+----------+-------------------------------------------
     0 | D:1      | Chiseanne the Demonspawn Wanderer began the quest for the
                  | Orb.
     0 | D:1      | Chiseanne set off with the following items: a +2 hand axe,
                  | a +0 ring mail, a scroll of fog; and the following spell
                  | memorised: Summon Small Mammal; and the following spells
                  | available to memorise: Call Canine Familiar.
     0 | D:1      | Reached XP level 1. HP: 16/16 MP: 2/2
   117 | D:1      | Gained mutation: A weak demonic guardian rushes to your
                  | aid. [demonic ancestry]
   117 | D:1      | Reached XP level 2. HP: 22/22 MP: 3/3
   279 | D:1      | Found a faded altar of an unknown god.
   382 | D:1      | Reached XP level 3. HP: 18/28 MP: 4/4
  1094 | D:2      | Gained mutation: Spells you cast may paralyse adjacent
                  | enemies. [demonic ancestry]
  1094 | D:2      | Reached XP level 4. HP: 33/35 MP: 5/5
  1283 | D:2      | Noticed Jessica
  1286 | D:2      | Killed Jessica
  1620 | D:3      | Noticed Sigmund
  1686 | D:3      | Noticed an ogre
  1704 | D:3      | Noticed a small abomination
  1844 | D:3      | Noticed Grinder
  1852 | D:3      | Paralysed by Grinder for 5 turns
  1874 | D:3      | Paralysed by Grinder for 4 turns
  1881 | D:3      | Killed Grinder
  1882 | D:3      | Reached XP level 5. HP: 19/42 MP: 6/6
  1882 | D:3      | Reached XP level 6. HP: 21/48 MP: 7/7
  1902 | D:3      | Noticed Natasha
  2112 | D:3      | Found a transporter.
  2113 | D:3      | Found a one-way gate to the infinite horrors of the Abyss.
  2113 | D:3      | Noticed jotaen's ghost (amateur TrBe)
  2177 | D:3      | Killed Natasha
  2194 | D:3      | Killed Sigmund
  2271 | D:3      | Noticed Natasha
  2282 | D:3      | Killed Natasha
  2283 | D:3      | Gained mutation: You have a small tail. [demonic ancestry]
  2283 | D:3      | Reached XP level 7. HP: 49/55 MP: 8/8
  2283 | D:3      | Quit the game

Illustrated notes

Levels and vault maps discovered:
D:1:      eino_arrival_cavern_b, layout_rooms,
          shapermc_ecumenical_altar_totnotflames
D:2:      layout_loops_ring, uniq_jessica
D:3:      layout_basic, mainiacjoe_overflow_alcove_2,
          gammafunk_ghost_abyssal_escape, uniq_sigmund, uniq_natasha,
          uniq_crazy_yiuf_cottage, uniq_grinder

Skill      XL: |  1  2  3  4  5  6 |
---------------+-------------------+-----
Armour         | 2 3 4 |  4.2
Dodging        | 2 3 |  3.8
Fighting       | 3 4 |  4.6
Axes           | |  2.6
Spellcasting   | |  1.0
Summonings     | |  1.0

Action                     |  1- 3 |  4- 6 |  7- 9 || total
---------------------------+-------+-------+-------++-------
  Melee: Hand axe          |   112 |    78 |       ||   190
         Punch             |     2 |     1 |       ||     3
    Use: Scroll            |     4 |     1 |       ||     5
 Armour: Ring mail         |    48 |    20 |       ||    68
  Dodge: Dodged            |    57 |    62 |       ||   119
